 Dungeon Crawl Stone Soup version 0.31-a0-1616-gbeaec30b81 (webtiles) character file.

Game seed: 13385853683958464171

101 Dittersdorf the Trooper (level 4, -1/29 HPs)
             Began as a Gargoyle Fighter on Jan 10, 2024.
             Slain by a black bear (5 damage)
             ... on level 4 of the Dungeon.
             The game lasted 00:02:16 (2203 turns).

Dittersdorf the Trooper (Gargoyle Fighter)          Turns: 2203, Time: 00:02:17

Health: -1/29      AC: 11    Str: 21    XL:     4   Next: 75%
Magic:  4/4        EV:  9    Int:  9    God:
Gold:   245        SH:  4    Dex:  9    Spells: 3/3 levels left

rFire   . . .        a - +0 flail
rCold   . . .        c - +0 buckler
rNeg    + . .        b - +0 scale mail
rPois   ∞            (no helmet)
rElec   +            n - +0 cloak
rCorr   .            (no gloves)
SInv    .            (no boots)
Will    .....        (no amulet) Stlth
                     (no ring)
HPRegen 0.24/turn    (no ring)
MPRegen 0.09/turn

%: no passive effects
@: no status effects
A: sickness immunity, AC +3, negative energy resistance 1, electricity
resistance, torment resistance 1, petrification resistance
a: no special abilities


You were on level 4 of the Dungeon.
You visited 1 branch of the dungeon, and saw 4 of its levels.

You collected 245 gold pieces.

Inventory:

Hand Weapons
 a - a +0 flail (weapon)
Armour
 b - a +0 scale mail (worn)
 c - a +0 buckler (worn)
 n - a +0 cloak (worn)
Scrolls
 f - 2 scrolls of teleportation {unknown}
 g - a scroll of noise {unknown}
 k - a scroll of fog {unknown}
 l - 3 scrolls of identify {unknown}
 o - a scroll of enchant weapon {unknown}
 p - a scroll of amnesia {unknown}
Potions
 d - 3 potions of might
 e - a potion of mutation {unknown}
 h - a potion of attraction {unknown}
 i - a potion of magic {unknown}
 j - 2 potions of curing {unknown}
 m - a potion of heal wounds {unknown}
 q - a potion of haste {unknown}


   Skills:
 + Level 4.0 Fighting
 + Level 2.9 Maces & Flails
 + Level 4.0 Armour
 + Level 4.0 Shields


You had 3 spell levels left.
You didn't know any spells.
Your spell library was empty.

Dungeon Overview and Level Annotations

Branches:
Dungeon (4/15)
 Temple: D:4-7

Altars:
Fedhas
Qazlal
Yredelemnul


Innate Abilities, Weirdness & Mutations

You are immune to sickness and miasma.
Your stone body is resilient. (AC +3)
You are immune to poison.
You resist negative energy. (rN+)
You are resistant to electric shocks. (rElec)
You are resistant to unholy torment.
You are immune to petrification.


Message History

The black bear is moderately wounded.
The black bear bites you. You block the black bear's attack.
The black bear claws you but does no damage.
The black bear bites you but does no damage.
The black bear claws you but does no damage. x2
You hit the black bear.
The black bear is moderately wounded.
The black bear barely misses you. x2; The black bear closely misses you.
You sock the black bear!
The black bear is severely wounded.
The black bear bites you but does no damage.
The black bear barely misses you.
The black bear claws you but does no damage.
You closely miss the black bear.
The black bear is severely wounded.
The black bear goes berserk!
The black bear bites you! The black bear claws you.
* * * LOW HITPOINT WARNING * * *
You block the black bear's attack.
You are too injured to fight recklessly!
You are too injured to fight recklessly!
You are too injured to fight recklessly!
You are too injured to fight recklessly!
You are too injured to fight recklessly!
You are too injured to fight recklessly!
You are too injured to fight recklessly!
You are too injured to fight recklessly!
You are too injured to fight recklessly!
You are too injured to fight recklessly!
You are too injured to fight recklessly!
You are too injured to fight recklessly!
You are too injured to fight recklessly!
You are too injured to fight recklessly!
You are too injured to fight recklessly!
You hit the black bear.
The black bear is almost dead.
You block the black bear's attack.
The black bear claws you but does no damage. x2
The black bear bites you.
You die...

...#...........#
#..............#
##.........$).#
......$.......#
..............#
.............#
...$..#......#
..... ##...####
.... #...h@.####
... #..###<...#
.. #..#
####....# . #..#
..## ####..# ..#
##..>..# .#
##......# #
...##.......##
#...##.........#


You could see a black bear (berserk).

Vanquished Creatures
  5 adders
  A ribbon worm (D:2)
  3 dart slugs
  A ball python (D:3)
  5 bats
  3 endoplasms
  3 giant cockroaches
  3 goblins
  5 hobgoblins
  3 jackals (D:1)
  3 quokkas
  A frilled lizard (D:3)
  3 kobolds
  7 rats
46 creatures vanquished.

Notes
Turn   | Place    | Note
-------+----------+-------------------------------------------
     0 | D:1      | Dittersdorf the Gargoyle Fighter began the quest for the
                  | Orb.
     0 | D:1      | Reached XP level 1. HP: 14/14 MP: 1/1
   329 | D:1      | Reached XP level 2. HP: 19/19 MP: 2/2
   789 | D:2      | Reached XP level 3. HP: 19/24 MP: 3/3
  1160 | D:2      | Found a stormy altar of Qazlal.
  1432 | D:3      | Found a blossoming altar of Fedhas.
  1513 | D:3      | Reached XP level 4. HP: 26/29 MP: 4/4
  1732 | D:3      | Found a basalt altar of Yredelemnul.
  1773 | D:3      | Identified the +2 robe "Lialif" {rElec Int+4}
  1888 | D:3      | Found a stormy altar of Qazlal.
  2034 | D:4      | Noticed an ogre
  2082 | D:4      | Noticed a black bear
  2203 | D:4      | Slain by a black bear

Illustrated notes

Levels and vault maps discovered:
D:1:      dpeg_arrival_chambers_temple_mockup, layout_basic,
          minmay_misc_feat_nine_boxes
D:2:      layout_loops_ring, basic_altar
D:3:      layout_basic, amcnicky_altar_gilded, yredelemnul_altar_generic,
          general_overflow_altar
D:4:      layout_cave_pods, dk_vineyard_1, uniq_pikel

Skill      XL: |  1  2  3  4 |
---------------+-------------+-----
Fighting       | 4 |  4.0
Shields        | 4 |  4.0
Armour         | 4 |  4.0
Maces & Flails | |  2.9

Action                     |  1- 3 |  4- 6 || total
---------------------------+-------+-------++-------
  Melee: Flail             |   143 |    60 ||   203
 Armour: Scale mail        |   116 |    51 ||   167
  Dodge: Dodged            |    75 |    30 ||   105
  Block: Buckler           |    24 |    25 ||    49

Table legend: (Time is in decaauts)
 A = Elapsed time spent in this place.
 B = Non-inter-level travel time spent in this place.
 C = Inter-level travel time spent in this place.
 D = Time resting spent in this place.
 E = Time spent auto-exploring this place.
 F = Levels seen in this place.
 G = Mean time per level.
                   A        B        C        D        E       F      G
               +--------+--------+--------+--------+--------+-----+--------+
         Total |   2266 |   2120 |    146 |      0 |   1662 |   4 |  566.5 |
       Dungeon |   2266 |   2120 |    146 |      0 |   1662 |   4 |  566.5 |
               +--------+--------+--------+--------+--------+-----+--------+

Top non-repeatable levels by time:
     D:1: 760 daAuts
     D:2: 693 daAuts
     D:3: 684 daAuts
     D:4: 128 daAuts
